 Seeded DCSS version 0.30-a0-1116-gebefce21f7 (webtiles) character file.

Game seed: 20230421 (custom seed)

338 BigDaddyOpFi the Covered (level 6, -4/55 HPs)
             Began as an Armataur Fighter on Apr 21, 2023.
             Slain by a black bear (6 damage)
             ... on level 5 of the Dungeon.
             The game lasted 00:03:11 (3089 turns).

BigDaddyOpFi the Covered (Armataur Fighter)         Turns: 3089, Time: 00:03:12

Health: -4/55      AC: 10    Str: 23    XL:     6   Next: 29%
Magic:  15/15      EV:  6    Int:  9    God:
Gold:   197        SH:  4    Dex:  9    Spells: 5/5 levels left

rFire   . . .      SeeInvis .    a - +0 war axe (chaos)
rCold   . . .      Faith    .    c - +0 buckler
rNeg    . . .      Spirit   .    p - +0 chain mail
rPois   .          Reflect  .    (no helmet)
rElec   .          Roll     +    (no cloak)
rCorr   .                        k - +0 pair of gloves
Will    .....                    (no barding) Stlth
                                 r - amulet of regeneration
HPRegen 1.09/turn                l - ring of magical power
MPRegen 0.14/turn                (no ring)

@: mighty, hasted, very quick
A: large, rugged brown scales 3, deformed body, armoured tail, roll, long
tongue, awkward tongue
a: no special abilities


You were on level 5 of the Dungeon.
You visited 1 branch of the dungeon, and saw 5 of its levels.

You collected 197 gold pieces.

Inventory:

Hand Weapons
 a - a +0 war axe of chaos (weapon)
Armour
 c - a +0 buckler (worn)
 k - a +0 pair of gloves (worn)
 p - a +0 chain mail (worn)
Jewellery
 g - the amulet of Ymuw {Faith Slay+2 Stlth+}
   (You took it off a kobold on level 4 of the Dungeon)

   [amulet of faith]

   It allows you to gain divine favour quickly.
   Slay:      It affects your accuracy & damage with ranged weapons and melee
   (+2).
   Stlth:     It makes you more stealthy.
 l - a ring of magical power (left hand)
 r - an amulet of regeneration (around neck)
Wands
 q - a wand of roots (5)
Scrolls
 b - a scroll of vulnerability
 f - 4 scrolls of teleportation
 j - a scroll of amnesia
 t - a scroll of magic mapping
 u - a scroll of poison
Potions
 e - a potion of cancellation
 n - a potion of attraction {unknown}
 s - a potion of degeneration


   Skills:
 + Level 4.0 Fighting
 + Level 3.0 Axes
 + Level 5.3 Armour
 + Level 4.8 Shields


You had 5 spell levels left.
You didn't know any spells.
Your spell library was empty.

Dungeon Overview and Level Annotations

Branches:
Dungeon (5/15)
 Temple: D:4-7

Altars:


Innate Abilities, Weirdness & Mutations

You are completely covered in rugged brown scales. (AC +3, +7% HP)
Armour fits poorly on your strangely shaped body.
You have a long armoured tail.
You roll when moving toward enemies. (Rampage)
Your long tongue fully drains potion bottles. (2x potion effects)
Your tongue gives you trouble enunciating. (1.5x scroll delay)


Message History

* * * LOW HITPOINT WARNING * * *
You feel very sick. The black bear bites you.
* * * LOW HITPOINT WARNING * * *
The black bear closely misses you.
The black bear claws you but does no damage.
Okay, then.
It was a potion of magic.
Magic courses through your body.
You slurp down every last drop of the potion of magic!
* * * LOW HITPOINT WARNING * * *
You feel sick. The black bear completely misses you.
The black bear barely misses you.
The black bear claws you but does no damage.
It was a potion of curing.
You feel better.
You slurp down every last drop of the potion of curing!
The black bear bites you!
* * * LOW HITPOINT WARNING * * *
You block the black bear's attack.
The black bear claws you but does no damage.
As you slowly read the scroll of fear, it crumbles to dust.
You assume a fearsome visage.
The black bear is unaffected.
The black bear bites you.
* * * LOW HITPOINT WARNING * * *
The black bear claws you.
* * * LOW HITPOINT WARNING * * *
The black bear claws you.
* * * LOW HITPOINT WARNING * * *
The black bear bites you but does no damage.
The black bear claws you.
* * * LOW HITPOINT WARNING * * *
The black bear claws you but does no damage.
Unknown command.
You roll towards the gnoll!
You roll towards the quokka!
Found a stone staircase leading down.
The black bear bites you but does no damage.
You block the black bear's attack. The black bear claws you.
* * * LOW HITPOINT WARNING * * *
The black bear attacks as you move away!
The black bear bites you.
You die...

......#.## ####
......#..##...#
.........#.... .(
............# .....
...........# #.....
..........# #......
....$.....##.......
.....##<###........
.......@(#.........
........h.†).......
.....##.........g..
##.........)......#
#...............##
###.............#
#....##.........
##...##........#
##...........#.


You could see a black bear (berserk).

Vanquished Creatures
  A sky beast (D:4)
  2 scorpions (D:5)
  2 gnolls (D:5)
  3 adders
  2 worms
  2 dart slugs
  7 orcs
  4 bats
  5 endoplasms
  2 giant cockroaches (D:2)
  9 goblins
  6 hobgoblins
  2 jackals (D:2)
  6 kobolds
  3 quokkas
  3 ball pythons
  2 frilled lizards (D:2)
  2 rats
63 creatures vanquished.

Notes
Turn   | Place    | Note
-------+----------+-------------------------------------------
     0 | D:1      | BigDaddyOpFi the Armataur Fighter began the quest for the
                  | Orb.
     0 | D:1      | Reached XP level 1. HP: 19/19 MP: 1/1
   146 | D:1      | Reached XP level 2. HP: 24/26 MP: 2/2
   902 | D:2      | Reached skill level 4 in Armour
  1096 | D:2      | Reached XP level 3. HP: 33/33 MP: 3/3
  1833 | D:3      | Reached XP level 4. HP: 40/40 MP: 4/4
  2587 | D:4      | Identified the amulet of Ymuw {Faith Slay+2 Stlth+}
  2590 | D:4      | Noticed a sky beast
  2608 | D:4      | Killed a sky beast
  2609 | D:4      | Reached XP level 5. HP: 28/48 MP: 5/5
  3071 | D:5      | Entered Level 5 of the Dungeon
  3073 | D:5      | Noticed a black bear
  3076 | D:5      | Reached skill level 5 in Armour
  3078 | D:5      | Reached XP level 6. HP: 36/55 MP: 6/6
  3081 | D:5      | HP: 2/55 [black bear (4)]
  3088 | D:5      | HP: 2/55 [black bear (2)]
  3089 | D:5      | Slain by a black bear

Illustrated notes

Levels and vault maps discovered:
D:1:      dpeg_arrival_leaves_temple_mockup, layout_basic
D:2:      layout_loops_corners
D:3:      layout_loops_ring, minmay_misc_feat_enclosed
D:4:      layout_loops_ring
D:5:      kennysheep_kobold_camp, layout_cave_pools, kennysheep_pointless_box

Skill      XL: |  1  2  3  4  5  6 |
---------------+-------------------+-----
Armour         | 4 5 |  5.3
Fighting       | 3 4 |  4.0
Axes           | 2 3 |  3.0
Shields        | 4 |  4.8

Action                     |  1- 3 |  4- 6 || total
---------------------------+-------+-------++-------
  Melee: War axe           |   117 |    49 ||   166
         Tailslap          |     9 |     3 ||    12
    Use: Scroll            |     6 |     8 ||    14
         Potion            |       |     6 ||     6
 Armour: Scale mail        |    59 |       ||    59
         Chain mail        |    23 |    52 ||    75
  Dodge: Dodged            |    36 |    17 ||    53
  Block: Buckler           |    22 |    19 ||    41

Table legend: (Time is in decaauts)
 A = Elapsed time spent in this place.
 B = Non-inter-level travel time spent in this place.
 C = Inter-level travel time spent in this place.
 D = Time resting spent in this place.
 E = Time spent auto-exploring this place.
 F = Levels seen in this place.
 G = Mean time per level.
                   A        B        C        D        E       F      G
               +--------+--------+--------+--------+--------+-----+--------+
         Total |   3162 |   3042 |    120 |    186 |   2372 |   5 |  632.4 |
       Dungeon |   3162 |   3042 |    120 |    186 |   2372 |   5 |  632.4 |
               +--------+--------+--------+--------+--------+-----+--------+

Top non-repeatable levels by time:
     D:2: 922 daAuts
     D:3: 874 daAuts
     D:1: 685 daAuts
     D:4: 661 daAuts
     D:5: 17 daAuts
